 Dungeon Crawl Stone Soup version 0.29.1-15-g9cfb28693d (webtiles) character file.

Game seed: 14854137680928796541

27716 sjgraves the Severer (level 13, -34/116 HPs)
             Began as a Hill Orc Fighter on Mar 9, 2023.
             Was a Priest of Beogh.
             Splashed with acid (48 damage)
             ... in an ice cave.
             The game lasted 00:28:37 (14388 turns).

sjgraves the Severer (Hill Orc Fighter)            Turns: 14388, Time: 00:28:37

Health: -34/116    AC: 25    Str: 20    XL:     13   Next: 34%
Magic:  13/13      EV: 27    Int: 12    God:    Beogh [***...]
Gold:   1007       SH:  0    Dex: 20    Spells: 12/12 levels left

rFire   . . .      SeeInvis .   b - +11 executioner's axe of Regicide {venom, Int+6}
rCold   + . .      Faith    .   (shield currently unavailable)
rNeg    + . .      Spirit   .   t - +2 pearl dragon scales
rPois   .          Reflect  .   (helmet restricted)
rElec   .          Harm     .   (no cloak)
rCorr   .          Rampage  .   k - +1 pair of gloves
Will    .....                   j - +1 pair of boots
Stlth   ..........              c - amulet of the acrobat
HPRegen 0.29/turn               f - +4 ring of protection
MPRegen 0.13/turn               I - ring of protection from cold

@: acrobatic
A: antennae 1, agile 2
a: Renounce Religion, Smiting


You were in an ice cave.
You worshipped Beogh.
Beogh was most pleased with you.
You visited 2 branches of the dungeon, and saw 14 of its levels.
You also visited: Ice Cave.

You collected 1007 gold pieces.

Inventory:

Hand Weapons
 a - the +7 hand axe of the Smoking Gods {elec, rCorr}
   (You found it on level 7 of the Dungeon)

   It occasionally discharges a powerful burst of electricity upon striking a
   foe.
   rCorr:     It protects you from acid and corrosion.
 b - the +11 executioner's axe of Regicide (weapon) {venom, Int+6}
   (You acquired it on level 12 of the Dungeon)

   It poisons the flesh of those it strikes.
   Int:       It affects your intelligence (+6).
 v - the +6 hand axe of Defiance {vorpal, Fly rC+ Int-5}
   (You found it on level 2 of the Dungeon)

   It inflicts extra damage upon your enemies.
   Int:       It affects your intelligence (-5).
   rC:        It protects you from cold.
   Fly:       It grants you flight.
Missiles
 F - 3 throwing nets (quivered)
Armour
 j - a +1 pair of boots (worn)
 k - a +1 pair of gloves (worn)
 t - +2 pearl dragon scales (worn)
Jewellery
 c - an amulet of the acrobat (around neck)
 f - a +4 ring of protection (left hand)
 i - the amulet of Sabetzeg {Spirit Dex+4}
   (You found it in an ice cave)

   [amulet of guardian spirit]

   It causes incoming damage to be divided between your reserves of health and
   magic.
   Dex:       It affects your dexterity (+4).
 s - a ring of poison resistance
 y - a ring of protection from fire
 E - a +6 ring of dexterity
 I - a ring of protection from cold (right hand)
Wands
 d - a wand of flame (14)
 q - a wand of mindburst (10)
 u - a wand of charming (25)
 A - a wand of roots (6)
Scrolls
 g - 2 scrolls of teleportation
 o - 3 scrolls of fear
 w - 5 scrolls of immolation
 D - a scroll of blinking
Potions
 e - 4 potions of haste
 h - a potion of cancellation
 m - 3 potions of degeneration
 n - 2 potions of brilliance
 r - 3 potions of might
 C - 4 potions of lignification
 G - a potion of attraction


   Skills:
 + Level 11.1 Fighting
 * Level 20.2 Axes
 + Level 10.6 Armour
 + Level 4.8 Dodging
 + Level 1.1 Stealth
 + Level 7.2 Shields
 + Level 3.8 Evocations


You had 12 spell levels left.
You didn't know any spells.
Your spell library contained the following spells:

 Spells                   Type           Power      Damage    Failure   Level
 Apportation              Tloc           0%         N/A       67%         1
 Magic Dart               Conj           0%         1d3       67%         1
 Call Imp                 Summ           0%         N/A       80%         2
 Searing Ray              Conj           0%         2d4       80%         2
 Static Discharge         Conj/Air       0%         3-3/arc   80%         2
 Mephitic Cloud           Conj/Pois/Air  0%         N/A       95%         3
 Summon Guardian Golem    Hex/Summ       0%         N/A       95%         3
 Dispel Undead            Necr           0%         3d6       100%        4
 Fulminant Prism          Conj/Hex       0%         3d6       100%        4
 Hailstorm                Conj/Ice       0%         3d3       100%        4
 Sticky Flame             Conj/Fire      0%         2d3       100%        4
 Alistair's Intoxication  Tmut/Pois      0%         N/A       100%        5
 Summon Forest            Summ/Tloc      0%         N/A       100%        5
 Summon Mana Viper        Hex/Summ       0%         N/A       100%        5
 Eringya's Noxious Bog    Tmut/Pois      0%         N/A       100%        6
 Simulacrum               Ice/Necr       0%         N/A       100%        6
 Summon Cactus Giant      Summ           0%         N/A       100%        6
 Orb of Destruction       Conj           0%         9d5       100%        7
 Spellforged Servitor     Conj/Summ      0%         N/A       100%        7
 Summon Hydra             Summ           0%         N/A       100%        7
 Polar Vortex             Ice            0%         N/A       100%        9


Dungeon Overview and Level Annotations

Branches:
Dungeon (13/15)            Temple (1/1) D:7            Lair (0/5) D:10
  IceCv (1/1)
    Orc: D:9-12      Vaults: D:13-14

Altars:
Ashenzari
Dithmenos
Elyvilon
Fedhas
Gozag
Hepliaklqana
Kikubaaqudgha
Makhleb
Nemelex Xobeh
Okawaru
Qazlal
Ru
Sif Muna
Trog
Vehumet
Xom
Zin
The Shining One

Shops:
D:3 !   D:12 *


Innate Abilities, Weirdness & Mutations

You have a pair of small antennae on your head.
You are very agile. (Dex +8, Str/Int -2)


Message History

The slime creature closely misses you.
You hit the slime creature.
The slime creature is almost dead.
The slime creature closely misses you.
You carve the slime creature like a ham!!!
You kill the slime creature!
Beogh accepts your kill.
You slice the slime creature!!
The slime creature is moderately wounded.
The slime creature hits you but does no damage.
You slash the slime creature!
The slime creature is poisoned.
The slime creature is heavily wounded.
The slime creature hits you but does no damage.
You slice the slime creature!!
You kill the slime creature!
Beogh accepts your kill.
Found a shortbow.
You see here a +0 shortbow.
i - the amulet of Sabetzeg {Spirit Dex+4} You see here a +5 falchion of freezing.
You see here the +0 leather armour of Ignis's Righteous Fury {rPois Dex+2}.
You pick up the Codex of the Snowflakes and begin reading...
You add the spells Hailstorm, Simulacrum and Polar Vortex to your library.
You see here a +1 scale mail of cold resistance.
You now have 1007 gold pieces (gained 11).
Done exploring.
Done exploring.
You are splashed with acid!
There is a viscous altar of Jiyva here.
Sorry, you can't auto-travel out of here.
You kneel at the altar of Jiyva.
Sorry, you can't auto-travel out of here.
You are splashed with acid!!
You are splashed with acid!
You are splashed with acid!!
You are splashed with acid!
You are splashed with acid!!
* * * LOW HITPOINT WARNING * * *
You are splashed with acid!!!
You die...

##### ##### ##...##
##...## #.....##
#.....## ##......#
##......# #.......#
#.......# ##.......##
#.......##
#...#.#...###...#....#
#...#.#....##..##.#...
#..##@#....##..##.##..
#..##.##...##..##[.##.
#..#...#...##...#)[.#.
#......##.......##..##
#......##..##....#..##
#......##..####..##..#
#......##..# #...#..#
##..##.##..# ##..##..
#.##..##..## #..##..


There were no monsters in sight!

Vanquished Creatures
  An azure jelly (IceCv)
  A quicksilver ooze (IceCv)
  Snorg (D:12)
  2 boulder beetles
  Harold (D:9)
  3 two-headed ogres (D:11)
  5 skeletal warriors (D:12)
  2 deep elf pyromancers (D:12)
  Pikel (D:7)
  A manticore (D:12)
  2 ugly things (D:12)
  A cyclops (D:13)
  An ice statue (IceCv)
  A gargoyle (D:11)
  An unseen horror (D:11)
  2 kobold demonologists
  2 komodo dragons (D:12)
  3 trolls
  Prince Ribbit (D:5)
  A hornet (D:9)
  18 slime creatures (IceCv)
  2 wyverns
  A vampire (D:9)
  24 yaks
  A water elemental (D:11)
  A basilisk (D:12)
  2 steam dragons
  8 vampire mosquitoes
  An acid dragon (D:9)
  2 water moccasins
  2 great orb of eyes simulacra (IceCv)
  A black bear (D:7)
  3 orc warriors
  2 sky beasts
  An ogre (D:5)
  9 centaurs
  4 slime creature simulacra (IceCv)
  A phantom (D:7)
  5 scorpions
  3 necrophages
  4 glowing shapeshifter simulacra (IceCv)
  4 bullfrogs
  4 wights
  An electric eel (D:11)
  A jelly (D:6)
  A gnoll bouda (D:4)
  4 orc priests
  5 hounds
  7 iguanas
  Ijyb (D:4)
  8 orc wizards
  2 shapeshifter simulacra (IceCv)
  2 adders
  A shadow imp (D:6)
  A white imp (D:6)
  4 worms
  4 dart slugs
  28 orcs
  7 endoplasms
  2 giant cockroaches (D:3)
  3 goblins
  6 hobgoblins
  9 jackals
  6 kobolds
  4 quokkas
  7 ball pythons
  5 bats
  3 frilled lizards (D:1)
  4 rats
262 creatures vanquished.

Vanquished Creatures (others)
  A shapeshifter simulacrum (IceCv)
  A fungus (D:1)
  14 plants
16 creatures vanquished.

Grand Total: 278 creatures vanquished

Notes
Turn   | Place    | Note
-------+----------+-------------------------------------------
     0 | D:1      | sjgraves the Hill Orc Fighter began the quest for the Orb.
     0 | D:1      | Reached XP level 1. HP: 19/19 MP: 1/1
   262 | D:1      | Found a faded altar of an unknown god.
   283 | D:1      | Reached XP level 2. HP: 23/27 MP: 2/2
   479 | D:1      | Reached skill level 3 in Axes
   610 | D:1      | Reached XP level 3. HP: 25/33 MP: 3/3
  1578 | D:2      | Identified the +6 hand axe of Defiance {vorpal, Fly rC+
                  | Int-5}
  1979 | D:3      | Reached XP level 4. HP: 39/40 MP: 4/4
  2043 | D:3      | Found Juzaren's Distillery.
  2051 | D:3      | Reached skill level 4 in Axes
  2402 | D:4      | Noticed Ijyb
  2414 | D:4      | Killed Ijyb
  2415 | D:4      | Reached XP level 5. HP: 22/46 MP: 5/5
  2464 | D:4      | Reached skill level 5 in Axes
  2837 | D:4      | Found a sparkling altar of Nemelex Xobeh.
  2908 | D:4      | Noticed a wyvern
  2963 | D:4      | Reached skill level 6 in Axes
  2963 | D:4      | Reached XP level 6. HP: 52/52 MP: 6/6
  3030 | D:4      | Killed a wyvern
  3031 | D:4      | Reached skill level 7 in Axes
  3031 | D:4      | Reached XP level 7. HP: 45/60 MP: 7/7
  3238 | D:5      | Entered Level 5 of the Dungeon
  3298 | D:5      | Reached skill level 5 in Armour
  3363 | D:5      | Reached skill level 8 in Axes
  3454 | D:5      | Reached skill level 5 in Fighting
  3456 | D:5      | Reached skill level 9 in Axes
  3458 | D:5      | Reached XP level 8. HP: 52/68 MP: 8/8
  3550 | D:5      | Noticed Prince Ribbit
  3563 | D:5      | Reached skill level 1 in Dodging
  3564 | D:5      | Reached skill level 10 in Axes
  3577 | D:5      | Killed Prince Ribbit
  3851 | D:5      | Became a worshipper of Beogh the Brigand
  4258 | D:6      | Reached skill level 11 in Axes
  4338 | D:6      | Reached XP level 9. HP: 75/75 MP: 9/9
  4530 | D:6      | Reached skill level 12 in Axes
  5036 | D:7      | Identified the +7 hand axe of the Smoking Gods {elec,
                  | rCorr}
  5056 | D:7      | Noticed Pikel
  5063 | D:7      | Killed Pikel
  5064 | D:7      | Reached skill level 5 in Shields
  5077 | D:7      | Reached skill level 13 in Axes
  5087 | D:7      | Reached * piety under Beogh
  5201 | D:7      | Found a staircase to the Ecumenical Temple.
  5210 | Temple   | Entered the Ecumenical Temple
  5397 | D:7      | Found a shadowy altar of Dithmenos.
  5901 | D:8      | Found a burning altar of Makhleb.
  5919 | D:8      | Reached skill level 14 in Axes
  5919 | D:8      | Reached XP level 10. HP: 81/84 MP: 10/10
  5981 | D:8      | Found a blossoming altar of Fedhas.
  6269 | D:8      | Found a broken altar of Ashenzari.
  6270 | D:8      | Noticed a boulder beetle
  6319 | D:8      | Killed a boulder beetle
  6320 | D:8      | Reached skill level 15 in Axes
  6762 | D:8      | Found a shimmering blue altar of Sif Muna.
  7010 | D:8      | Found a glowing silver altar of Zin.
  7010 | D:8      | Found a white marble altar of Elyvilon.
  7011 | D:8      | Found a glowing golden altar of the Shining One.
  7100 | D:9      | Reached skill level 1 in Evocations
  7203 | D:9      | Noticed Harold
  7337 | D:9      | Killed Harold
  7345 | D:9      | Reached XP level 11. HP: 80/94 MP: 11/11
  7361 | D:9      | Reached skill level 16 in Axes
  7366 | D:9      | Reached ** piety under Beogh
  7704 | D:9      | Identified the +3 robe of the Purple Skies {rC+}
  7888 | D:9      | Found a radiant altar of Vehumet.
  8347 | D:10     | Entered Level 10 of the Dungeon
  8350 | D:10     | Found a staircase to the Lair.
  8368 | D:10     | You fall into a shaft and drop 2 floors!
  8507 | D:12     | Noticed a skeletal warrior
  8507 | D:12     | Noticed a skeletal warrior
  8508 | D:12     | Noticed a skeletal warrior
  8509 | D:12     | Noticed a skeletal warrior
  8513 | D:12     | Noticed a skeletal warrior
  8571 | D:12     | Killed a skeletal warrior
  8573 | D:12     | Killed a skeletal warrior
  8812 | D:11     | Noticed a two-headed ogre
  8825 | D:11     | Killed a two-headed ogre
  8826 | D:11     | Reached skill level 17 in Axes
  9422 | D:11     | Noticed a two-headed ogre
  9431 | D:11     | Killed a two-headed ogre
  9432 | D:11     | Reached XP level 12. HP: 71/104 MP: 12/12
  9432 | D:11     | Noticed a two-headed ogre
  9439 | D:11     | Killed a two-headed ogre
  9606 | D:11     | Gained mutation: You are weak. (Str -2) [potion of
                  | mutation]
  9607 | D:11     | Lost mutation: You are weak. (Str -2) [potion of mutation]
  9607 | D:11     | Gained mutation: You are agile. (Dex +4, Str/Int -1)
                  | [potion of mutation]
  9607 | D:11     | Gained mutation: You have a pair of small antennae on your
                  | head. [potion of mutation]
  9607 | D:11     | Gained mutation: You are very agile. (Dex +8, Str/Int -2)
                  | [potion of mutation]
 10745 | D:12     | Reached skill level 10 in Fighting
 10745 | D:12     | Reached skill level 18 in Axes
 11224 | D:12     | Identified a scroll of acquirement
 11224 | D:12     | Acquired the +11 executioner's axe of Regicide {venom,
                  | Int+6}
 11261 | D:12     | Reached skill level 10 in Armour
 11692 | D:12     | Noticed Snorg
 11701 | D:12     | Killed Snorg
 12214 | D:12     | Found Hulumim's Island Escapes.
 12446 | D:13     | Reached skill level 1 in Stealth
 12524 | D:13     | Noticed a boulder beetle
 12533 | D:13     | Killed a boulder beetle
 12533 | D:13     | Reached *** piety under Beogh
 12583 | D:13     | Found a frozen archway.
 12588 | IceCv    | Entered an ice cave
 12621 | IceCv    | Reached skill level 19 in Axes
 12621 | IceCv    | Reached XP level 13. HP: 113/114 MP: 13/13
 13947 | IceCv    | Noticed a quicksilver ooze
 13953 | IceCv    | Killed a quicksilver ooze
 14074 | IceCv    | Found a viscous altar of Jiyva.
 14074 | IceCv    | Noticed an azure jelly
 14081 | IceCv    | Reached skill level 20 in Axes
 14085 | IceCv    | Killed an azure jelly
 14357 | IceCv    | Identified the amulet of Sabetzeg {Spirit Dex+4}
 14360 | IceCv    | Identified the +0 leather armour of Ignis's Righteous Fury
                  | {rPois Dex+2}
 14362 | IceCv    | Got the Codex of the Snowflakes
 14388 | IceCv    | Splashed with acid

Illustrated notes

Levels and vault maps discovered:
D:1:      dpeg_cavernosity, layout_basic, ebering_ecumenical_altar_hall,
          serial_bayou_lagoon_b
D:2:      layout_loops_ring, small_statue_intersection
D:3:      layout_rooms, serial_shops, shop, minmay_liquid_box,
          minmay_misc_feat_rugged, grunt_ministairs_1
D:4:      minmay_clustersquares, layout_rooms, nemelex_spade_bored_becter,
          minivault_27, uniq_ijyb
D:5:      minmay_polygon_palace, layout_basic, mainiacjoe_overflow_brackets,
          cheibriados_altar_1, nicolae_uskayaw_dance_hall,
          chequers_serial_rivers_room_a, hangedman_abyss_or_decor_lesser_grid,
          nicolae_specific_store, uniq_prince_ribbit1
D:6:      layout_basic, serial_bayou, serial_bayou_shore_a, serial_bayou_pond_c,
          serial_bayou_lagoon_a, serial_bayou_ford_a, hex_large
D:7:      layout_cave_pools, lemuel_crystal_altar, temple_fountains,
          st_stairs_7, dk_noncrumbling_2, dk_vineyard_2, corexii_corridor_pit,
          kennysheep_cross_room, uniq_pikel
D:8:      layout_basic, good_gods_temple_1, grunt_temple_overflow_open,
          ashenzari_altar_1, nicolae_sif_muna_little_library
D:9:      layout_basic, kennysheep_little_box, grunt_decor_junction, uniq_harold
D:10:     layout_rooms, nicolae_wu_jian_wuxing_cycle, lair_entry_dummy,
          serial_shops, shop, nicolae_shop_i_like_big_books,
          due_unseen_surprise, uniq_josephine, uniq_maurice
D:11:     layout_basic, gauntlet_entry_generic
D:12:     layout_loops_ring, minivault_22, nicolae_island_escapes, uniq_snorg
D:13:     layout_loops_cross, ximxim_vaults_locker_room,
          portal_ice_cave_entry_pillars_2, hangedman_incinerator
Temple:   hellmonk_temple_forest_ring
IceCv:    ice_cave_hellmonk_azure_passage

Skill      XL: |  1  2  3  4  5  6  7  8  9 10 11 12 13 |
---------------+----------------------------------------+-----
Axes           | 3 4 6 7 9 11 14 15 17 19 20 | 20.2
Armour         | 4 5 6 8 9 10 | 10.6
Fighting       | 4 5 6 7 9 10 11 | 11.1
Shields        | 4 5 6 7 |  7.2
Dodging        | 1 2 3 4 |  4.8
Evocations     | 1 2 3 |  3.8
Stealth        | 1 |  1.1

Action                   |  1- 3 |  4- 6 |  7- 9 | 10-12 | 13-15 || total
-------------------------+-------+-------+-------+-------+-------++-------
Melee: War axe           |   113 |       |       |       |       ||   113
       Hand axe          |    12 |    89 |   191 |   390 |       ||   682
       Executioner's axe |       |       |       |    43 |    70 ||   113
       Punch             |       |       |       |     1 |       ||     1
Invok: Convert to Beogh  |       |       |     1 |       |       ||     1
Evoke: Wand              |       |       |       |    27 |       ||    27
  Use: Scroll            |     2 |     3 |     3 |    16 |     2 ||    26
       Potion            |       |     1 |     2 |     9 |     5 ||    17
Armor: Scale mail        |    61 |       |       |       |       ||    61
       Chain mail        |    14 |    40 |       |       |       ||    54
       Pearl dragon scal |       |       |    91 |   198 |    46 ||   335
Dodge: Dodged            |    70 |    21 |    65 |   145 |    43 ||   344
Block: Buckler           |    32 |    16 |    36 |    65 |       ||   149
